 Dungeon Crawl Stone Soup version 0.27-a0-92-g39ad13b146 (webtiles) character file.

Game seed: 11709743240993795943

9 knot the Chopper (level 2, 24/24 HPs)
             Began as a Demonspawn Berserker on Jan 16, 2021.
             Was a Follower of Trog.
             Quit the game on level 1 of the Dungeon.
             The game lasted 00:00:16 (485 turns).

knot the Chopper (Demonspawn Berserker)              Turns: 485, Time: 00:00:16

Health: 24/24      AC:  2    Str: 17    XL:     2   Next: 3%
Magic:  2/2        EV: 12    Int:  8    God:    Trog [*.....]
Gold:   41         SH:  0    Dex: 12    Spells: 1/1 levels left

rFire    . . .     SeeInvis .   a - +0 hand axe
rCold    . . .     Faith    .   (no shield)
rNeg     . . .     Spirit   .   b - +0 animal skin
rPois    .         Reflect  .   (no helmet)
rElec    .         Harm     .   (no cloak)
rCorr    .         Rampage  .   (no gloves)
Will     .....                  (no boots)
Stlth    +.........             (no amulet)
HPRegen  0.08/turn              (no ring)
MPRegen  0.08/turn              (no ring)

@: no status effects
A: spiny 1
a: Renounce Religion, Berserk


You were on level 1 of the Dungeon.
You worshipped Trog.
Trog was aware of your devotion.
You visited 1 branch of the dungeon, and saw 1 of its levels.

You collected 41 gold pieces.

Inventory:

Hand Weapons
 a - a +0 hand axe (weapon)
Armour
 b - a +0 animal skin (worn)
Potions
 c - a potion of heal wounds {unknown}
 d - a potion of curing {unknown}
 e - 2 potions of cancellation {unknown}


   Skills:
 - Level 3.0 Fighting
 + Level 3.2 Axes
 - Level 1.7 Armour
 - Level 1.7 Dodging


You had one spell level left.
You didn't know any spells.
Your spell library was empty.

Dungeon Overview and Level Annotations

Branches:
Dungeon (1/15)

Altars:


Innate Abilities, Weirdness & Mutations

You are partially covered in sharp spines.


Message History

You see here a puce potion.
A bat is nearby!
A bat is nearby!
The bat closely misses you.
You hit the bat.
The bat is severely wounded.
The bat hits you but does no damage.
You closely miss the bat.
The bat is heavily wounded.
The bat hits you but does no damage. The bat barely misses you.
A kobold comes into view.
It is wielding a +0 dagger of electrocution.
The bat hits you but does no damage.
You hit the bat.
You kill the bat!
Trog accepts your kill.
The kobold shouts!
You have reached level 2!
Your demonic ancestry asserts itself...
Sharp spines emerge from parts of your body.
Are you sure you want to abandon this character and quit the game? (Confirm with "yes".)

#...# #.#.# #..# #.#.#
#..# #.#.# #..#.## ..#.#
#..#.. #.#.##### #.
#.?#.#
#.#.....#.##.##..#.# #
#.#####.#.K........# .#
#.#####.# #.##.@#.##.###
#.#.....# #..#..#.......
#.#.#########.#..!......#
#...........[............
###.##########...).......
#..............#####.#.
#..#########..## # #..#
##.# #..# #>#


You could see a kobold.

Vanquished Creatures
  A giant cockroach (D:1)
  A goblin (D:1)
  A hobgoblin (D:1)
  3 bats (D:1)
  A frilled lizard (D:1)
  A rat (D:1)
8 creatures vanquished.

Notes
Turn   | Place    | Note
-------+----------+-------------------------------------------
     0 | D:1      | knot the Demonspawn Berserker began the quest for the Orb.
     0 | D:1      | Reached XP level 1. HP: 18/18 MP: 1/1
   485 | D:1      | Gained mutation: You are partially covered in sharp spines.
                  | [demonic ancestry]
   485 | D:1      | Reached XP level 2. HP: 24/24 MP: 2/2
   485 | D:1      | Quit the game

Illustrated notes

Levels and vault maps discovered:
D:1:      matt_arrival_grand_opening, layout_basic

Skill      XL: |  1 |
---------------+----+-----
Axes           | 3 |  3.2
Fighting       | |  3.0
Armour         | |  1.7
Dodging        | |  1.7

Action                   || total
-------------------------++-------
Melee: Hand axe          ||    22
Armor: Animal skin       ||     7
Dodge: Dodged            ||    13

Table legend: (Time is in decaauts)
 A = Elapsed time spent in this place.
 B = Non-inter-level travel time spent in this place.
 C = Inter-level travel time spent in this place.
 D = Time resting spent in this place.
 E = Time spent auto-exploring this place.
 F = Levels seen in this place.
 G = Mean time per level.
                   A        B        C        D        E       F      G
               +--------+--------+--------+--------+--------+-----+--------+
         Total |    488 |    488 |      0 |    296 |    144 |   1 |  488.0 |
       Dungeon |    488 |    488 |      0 |    296 |    144 |   1 |  488.0 |
               +--------+--------+--------+--------+--------+-----+--------+

Top non-repeatable levels by time:
     D:1: 488 daAuts
